 Dungeon Crawl Stone Soup version 0.16.1-2-g95b8d4c (webtiles) character file.

22 Ololoev the Charlatan (level 2, 0/18 HPs)
             Began as a High Elf Artificer on Mar 25, 2015.
             Slain by a kobold
             ... wielding a +0 spear
              (4 damage)
             ... on level 1 of the Dungeon.
             The game lasted 00:02:21 (730 turns).

Ololoev the Charlatan (High Elf Artificer)           Turns: 730, Time: 00:02:21

Health: 0/18       AC:  3    Str: 10    XL:     2   Next: 68%
Magic:  4/4        EV: 12    Int: 15    God:
Gold:   28         SH:  0    Dex: 15    Spells: 0 memorised, 1 level left

rFire  . . .     SeeInvis .     a - +0 short sword
rCold  . . .     Clarity  .     e - +0 leather armour
rNeg   . . .     SustAb   .     (no shield)
rPois  .         Gourm    .     (no helmet)
rElec  .         Spirit   .     (no cloak)
rCorr  .         Warding  .     (no gloves)
rMut   .         Stasis   .     (no boots)
MR     .....                    (no amulet)
Stlth  ++........               (no ring)
                                (no ring)

@: not resistant to hostile enchantments, unstealthy
A: no striking features
a: no special abilities


You were on level 1 of the Dungeon.
You were not hungry.

You visited 1 branch of the dungeon, and saw 1 of its levels.

You collected 28 gold pieces.

Notes
Turn   | Place    | Note
--------------------------------------------------------------
     0 | D:1      | Ololoev, the High Elf Artificer, began the quest for the Orb.
     0 | D:1      | Reached XP level 1. HP: 13/13 MP: 2/2
    69 | D:1      | Reached XP level 2. HP: 11/18 MP: 4/4
   424 | D:1      | Reached skill level 4 in Evocations
   730 | D:1      | Slain by a kobold

Inventory:

Hand weapons
 a - a +0 short sword (weapon)
Armour
 e - a +0 leather armour (worn)
Magical devices
 b - a wand of flame (15)
 c - a wand of enslavement (15)
 d - a wand of random effects (15)
Comestibles
 f - a bread ration
 g - a meat ration

Table legend:
 A = Turns spent in this place as a percentage of turns spent in the entire game.
 B = Non-inter-level travel turns spent in this place as a percentage of non-inter-level travel turns spent in the entire game.
 C = Inter-level travel turns spent in this place as a percentage of turns spent in this place.
 D = Turns resting spent in this place as a percentage of non-inter-level travel turns spent in this place.
 E = Turns spent auto-exploring this place as a percentage of non-inter-level travel turns spent in this place.
 F = Non-inter-level travel turns spent in this place divided by the number of levels of this place that you've seen.
                   A       B       C       D       E      F
               +-------+-------+-------+-------+-------+----------------------
         Total | 100.0 | 100.0 |   0.0 |   1.9 |   6.9 | 420.0
       Dungeon | 100.0 | 100.0 |   0.0 |   1.9 |   6.9 | 420.0
               +-------+-------+-------+-------+-------+----------------------


   Skills:
 - Level 1.0 Fighting
 - Level 1.2 Short Blades
 - Level 2.1 Dodging
 - Level 1.1 Stealth
 + Level 4.2 Evocations


You had one spell level left.
You didn't know any spells.

Dungeon Overview and Level Annotations

Branches:
Dungeon (1/15)

Altars:


Message History

You hit the kobold but do no damage. The kobold hits you with a spear.
You are too injured to fight recklessly!
You are too injured to fight recklessly!
You are too injured to fight recklessly!
You are too injured to fight recklessly!
You are too injured to fight recklessly!
You are too injured to fight recklessly!
You are too injured to fight recklessly!
You are too injured to fight recklessly!
You are too injured to fight recklessly!
You are too injured to fight recklessly!
You are too injured to fight recklessly!
You are too injured to fight recklessly!
You are too injured to fight recklessly!
You are too injured to fight recklessly!
You are too injured to fight recklessly!
You are too injured to fight recklessly!
You are too injured to fight recklessly!
You are too injured to fight recklessly!
You are too injured to fight recklessly!
You are too injured to fight recklessly!
You are too injured to fight recklessly!
The kobold barely misses you.
You are too injured to fight recklessly!
You closely miss the goblin. The goblin closely misses you.
You hit the goblin.
The goblin is almost dead.
The goblin hits you but does no damage.
You miss the goblin.
The goblin is almost dead.
You closely miss the goblin.
The goblin is almost dead.
The goblin closely misses you.
You hit the goblin.
You kill the goblin!
You hit the kobold but do no damage. The kobold hits you with a spear.
You hit the kobold but do no damage. The kobold hits you but does no damage.
You hit the kobold but do no damage. The kobold hits you with a spear.
You barely miss the kobold. The kobold hits you with a spear.
You die...

#..# #.# #..# #.# #..#
####.# #####..# #.....
###......# #.##.#
..........## #.##.#
#####.###.#.### #.##.#
........K###g.# #.##.#
#.....#.#@#.#.# #.##.#
.##
##.##.##K#######.##.#
#................##..
#>.##.##.############
......##.#
###.......############
###...##............
#..>.. .###.#######
..... .# #


You could see a kobold.

Table legend:
 A = Kills in this place as a percentage of kills in entire the game.
 B = Kills by you in this place as a percentage of kills by you in the entire game.
 C = Kills by friends in this place as a percentage of kills by friends in the entire game.
 D = Other kills in this place as a percentage of other kills in the entire game.
 E = Experience gained in this place as a percentage of experience gained in the entire game.
 F = Experience gained in this place divided by the number of levels of this place that you have seen.
                   A       B       C       D       E      F
               +-------+-------+-------+-------+-------+----------------------
         Total | 100.0 | 100.0 |  -nan |  -nan | 100.0 |  32.0
       Dungeon | 100.0 | 100.0 |  -nan |  -nan | 100.0 |  32.0
               +-------+-------+-------+-------+-------+----------------------

Vanquished Creatures
  2 hobgoblins (D:1)
  3 jackals (D:1)
  5 bats (D:1)
  4 goblins (D:1)
  3 kobolds (D:1)
  5 rats (D:1)
22 creatures vanquished.

Action                   || total
-------------------------++-------
Melee: Short sword       ||    92

Vault maps used:
D:1:      dpeg_arrival_tiny_f, kennysheep_boxes
